 Dungeon Crawl Stone Soup version 0.28.0-53-g5a82cb258f (webtiles) character file.

Game seed: 2074512791996068610

660 ILmort the Cleaver (level 7, 0/58 HPs)
             Began as a Hill Orc Fighter on Aug 2, 2022.
             Slain by Ijyb
             ... wielding a +2 club
              (5 damage)
             ... on level 4 of the Dungeon.
             The game lasted 00:14:35 (3814 turns).

ILmort the Cleaver (Hill Orc Fighter)               Turns: 3814, Time: 00:14:35

Health: 0/58       AC:  8    Str: 25      XL:     7   Next: 56%
Magic:  7/7        EV: 14    Int:  8      God:
Gold:   189        SH:  4    Dex:  8 (10) Spells: 6/6 levels left

rFire   . . .      SeeInvis .   a - +0 war axe
rCold   . . .      Faith    .   c - +0 buckler
rNeg    . . .      Spirit   .   o - +4 leather armour "Tuothrit" {Str+4}
rPois   .          Reflect  .   (no helmet)
rElec   .          Harm     .   (no cloak)
rCorr   .          Rampage  .   q - +0 pair of gloves
Will    +....                   (no boots)
Stlth   +.........              (no amulet)
HPRegen 0.19/turn               e - ring of willpower
MPRegen 0.10/turn               i - +4 ring of evasion

@: no status effects
A: no striking features
a: no special abilities


You were on level 4 of the Dungeon.
You visited 1 branch of the dungeon, and saw 5 of its levels.

You collected 189 gold pieces.

Inventory:

Hand Weapons
 a - a +0 war axe (weapon)
Armour
 b - a +0 scale mail
 c - a +0 buckler (worn)
 f - a scarf of harm
 l - a +0 leather armour of fire resistance
 n - a +0 cloak
 o - the +4 leather armour "Tuothrit" (worn) {Str+4}
   (You found it on level 4 of the Dungeon)

   Str:       It affects your strength (+4).
 q - a +0 pair of gloves (worn)
Jewellery
 e - a ring of willpower (left hand)
 i - a +4 ring of evasion (right hand)
Wands
 d - a wand of flame (19)
 r - a wand of iceblast (3)
Scrolls
 g - a scroll of brand weapon {unknown}
 h - a scroll of noise {unknown}
 j - 2 scrolls of amnesia {unknown}
 k - a scroll of fear {unknown}
 m - 4 scrolls of teleportation {unknown}
 s - a scroll of magic mapping {unknown}
 u - 4 scrolls of identify {unknown}
 v - a scroll of immolation {unknown}
Potions
 p - a potion of mutation {unknown}
 t - a potion of flight


   Skills:
 - Level 3.8 Fighting
 + Level 10.5 Axes
 - Level 3.4 Armour
 - Level 3.4 Shields


You had 6 spell levels left.
You didn't know any spells.
Your spell library was empty.

Dungeon Overview and Level Annotations

Branches:
Dungeon (5/15)
 Temple: D:4-7

Altars:

Annotations:
D:4 Ijyb


Message History

Found 9 gold pieces.
Ijyb the Twisted Goblin comes into view.
She is wielding a +2 club and carrying a wand of acid (2).
Ijyb shouts!
Ijyb moves out of view.
You see here 9 gold pieces.
You closely miss Ijyb.
Ijyb zaps a wand.
The bolt of acid hits you!!
Ouch! That really hurt!
You hit Ijyb but do no damage.
Ijyb zaps a wand.
The bolt of acid hits you!!
* * * LOW HITPOINT WARNING * * *
The now-empty wand crumbles to dust.
Ijyb hits you with a +2 club.
* * * LOW HITPOINT WARNING * * *
Okay, then.
You block Ijyb's attack. Ijyb closely misses you. Ijyb hits you with a +2 club.
* * * LOW HITPOINT WARNING * * *
There is a stone staircase leading up, spattered with blood here.
Ijyb hits you but does no damage.
You climb upwards.
There is a stone staircase leading down here.
Ijyb hits you but does no damage. You block Ijyb's attack.
Ijyb screams, "I dance on your bones!" You block Ijyb's attack.
Ijyb barely misses you.
You see here 27 stones.
Ijyb is nearby!
Ijyb is nearby!
Ijyb is nearby!
Ijyb closely misses you. Ijyb hits you with a +2 club.
* * * LOW HITPOINT WARNING * * *
You block Ijyb's attack. Ijyb hits you with a +2 club!
* * * LOW HITPOINT WARNING * * *
You see here a +0 spear.
Ijyb hits you with a +2 club.
* * * LOW HITPOINT WARNING * * *
Ijyb hits you with a +2 club.
You die...

..........###.............#
#.#
#.####.(...#..........###.#
#.# #.# ##.#.#.######.####
#.# #.# ..#####.#.### #.#
#.# #.# ...........#
#.######.## #.#
.######.#..# #.........#
#.# .######.#..####
########..# #.#
..............#### ##..#
#.# ...............g@#
##...###.#
########.####.##.####
#........# #............#
#.#####(.#
#..#...##.##.###...# #..#
#..#.#(##..........# #..#
#......#####.###...# #.##
#............# #.#####.#
##.....#####)###.......#
#.#.#..........(...####


You could see Ijyb.

Vanquished Creatures
  Eustachio (D:4)
  Edmund (D:4)
  A black bear (D:5)
  Crazy Yiuf (D:2)
  A jelly (D:4)
  An iguana (D:5)
  Natasha (thrice) (D:4)
  A hound skeleton (D:4)
  6 adders
  An adder skeleton (D:4)
  A worm (D:3)
  3 dart slugs
  An orc (D:5)
  2 bats
  7 endoplasms
  3 giant cockroaches
  9 goblins
  5 hobgoblins
  4 jackals (D:1)
  5 kobolds
  5 quokkas
  4 ball pythons
  3 frilled lizards
  8 rats
77 creatures vanquished.

Notes
Turn   | Place    | Note
-------+----------+-------------------------------------------
     0 | D:1      | ILmort the Hill Orc Fighter began the quest for the Orb.
     0 | D:1      | Reached XP level 1. HP: 19/19 MP: 1/1
   101 | D:1      | Reached XP level 2. HP: 23/27 MP: 2/2
   110 | D:1      | Reached skill level 3 in Axes
   765 | D:2      | Reached skill level 4 in Axes
   772 | D:2      | Reached XP level 3. HP: 14/33 MP: 3/3
  1304 | D:2      | Found a runed translucent door.
  1305 | D:2      | Noticed Crazy Yiuf
  1356 | D:2      | Killed Crazy Yiuf
  1357 | D:2      | Reached skill level 5 in Axes
  1357 | D:2      | Reached XP level 4. HP: 38/40 MP: 4/4
  1590 | D:3      | Reached skill level 6 in Axes
  1702 | D:3      | Reached XP level 5. HP: 44/46 MP: 5/5
  2238 | D:4      | Noticed Eustachio
  2239 | D:4      | Noticed Edmund
  2261 | D:4      | Killed Edmund
  2262 | D:4      | Reached skill level 8 in Axes
  2262 | D:4      | Reached XP level 6. HP: 17/52 MP: 6/6
  2277 | D:4      | Noticed Natasha
  2281 | D:4      | Killed Natasha
  2284 | D:4      | Killed Eustachio
  2285 | D:4      | Reached skill level 9 in Axes
  2285 | D:4      | Reached XP level 7. HP: 10/58 MP: 7/7
  2468 | D:4      | Noticed Natasha
  2475 | D:4      | Killed Natasha
  2629 | D:4      | Noticed Natasha
  2645 | D:4      | Killed Natasha
  2751 | D:4      | Identified the +4 leather armour "Tuothrit" {Str+4}
  3157 | D:5      | Entered Level 5 of the Dungeon
  3187 | D:5      | Reached skill level 10 in Axes
  3724 | D:5      | Noticed Ijyb
  3814 | D:4      | Slain by Ijyb

Illustrated notes

Levels and vault maps discovered:
D:1:      saegor_arrival_miasma, layout_basic
D:2:      layout_rooms, minmay_pentomino_x2, uniq_crazy_yiuf_cottage
D:3:      layout_rooms, nicolae_concentric_dashed_squares_wild
D:4:      layout_loops_ring, uniq_eustachio, uniq_natasha, uniq_edmund
D:5:      layout_rooms, elyvilon_altar_4, serial_shops, shop,
          minmay_divided_ellipse, uniq_ijyb

Skill      XL: |  1  2  3  4  5  6  7 |
---------------+----------------------+-----
Axes           | 4 5 6 8 9 10 | 10.5
Fighting       | |  3.8
Armour         | |  3.4
Shields        | |  3.4

Action                   |  1- 3 |  4- 6 |  7- 9 || total
-------------------------+-------+-------+-------++-------
Melee: War axe           |    91 |    96 |    58 ||   245
  Use: Potion            |       |     6 |       ||     6
Armor: Scale mail        |    40 |    56 |     4 ||   100
       Leather armour    |       |       |    14 ||    14
Dodge: Dodged            |    63 |    89 |    31 ||   183
Block: Buckler           |    26 |    33 |    11 ||    70
